 Dungeon Crawl Stone Soup version 0.31-a0-806-g0bc164a743 (webtiles) character file.

Game seed: 17431846333629606067

51 CrazyBamboolord the Changeling (level 4, -2/32 HPs)
             Began as a Human Shapeshifter on Sept 21, 2023.
             Frozen to death by an endoplasm (4 damage)
             ... on level 2 of the Dungeon.
             The game lasted 00:01:02 (724 turns).

CrazyBamboolord the Changeling (Human Shapeshifter)  Turns: 724, Time: 00:01:02

Health: -2/32      AC:  6    Str: 17    XL:     4   Next: 5%
Magic:  4/4        EV: 10    Int: 10    God:
Gold:   54         SH:  0    Dex: 12    Spells: 3/3 levels left

rFire   . .          .
                       - Unarmed
rCold   . . .        (no shield)
rNeg    . . .        h - +0 scale mail
rPois   .            (helmet currently unavailable)
rElec   .            (cloak currently unavailable)
rCorr   .            (gloves currently unavailable)
SInv    .            (boots currently unavailable)
Will    .....        (no amulet) Stlth
                     (no ring)
HPRegen 0.25/turn    (no ring)
MPRegen 0.09/turn

%: no passive effects
@: beast-form, slowed, very slow
A: beast (slay +2)
a: Begin Untransformation


You were on level 2 of the Dungeon.
You were a hulking beast.
You visited 1 branch of the dungeon, and saw 2 of its levels.

You collected 54 gold pieces.

Inventory:

Armour
 h - a +0 scale mail (worn)
Talismans
 c - a beast talisman (active)
 d - a flux talisman
Scrolls
 a - a scroll of blinking {unknown}
 g - a scroll of identify {unknown}
 i - a scroll of teleportation {unknown}
 j - a scroll of noise {unknown}
Potions
 b - a potion of lignification
 e - a potion of curing {unknown}
 f - a potion of resistance {unknown}


   Skills:
 - Level 1.0 Fighting
 - Level 2.0 Dodging
 - Level 3.0 Unarmed Combat
 + Level 4.4 Shapeshifting


You had 3 spell levels left.
You didn't know any spells.
Your spell library contained the following spells:

 Spells                   Type           Power      Damage    Failure   Level
 Blink                    Tloc           0%         N/A       91%         2
 Manifold Assault         Tloc           0%         N/A       100%        4


Dungeon Overview and Level Annotations

Branches:
Dungeon (2/15)

Altars:

Annotations:
D:2 Natasha


Message History

You barely miss Natasha. Your punch misses Natasha.
Natasha is almost dead.
The endoplasm misses you.
Natasha stares at you and mumbles some strange words.
You feel yourself slow down. The giant cockroach closely misses you.
You barely miss Natasha.
Natasha is almost dead.
The endoplasm closely misses you. The giant cockroach barely misses you.
Natasha casts a spell.
The endoplasm freezes you.
You are frozen.
Natasha mumbles some strange words.
The giant cockroach bites you.
Unknown command.
You barely miss Natasha.
Natasha is almost dead.
The giant cockroach bites you but does no damage.
The endoplasm hits you but does no damage.
Natasha claws you. The cerulean imp closely misses you.
You miss Natasha.
Natasha is almost dead.
The giant cockroach bites you but does no damage.
The endoplasm barely misses you.
The cerulean imp hits you but does no damage.
Natasha barely misses you. The cerulean imp barely misses you.
The giant cockroach bites you but does no damage.
The endoplasm freezes you.
You are frozen.
* * * LOW HITPOINT WARNING * * *
The cerulean imp hits you from afar with a +0 spear.
* * * LOW HITPOINT WARNING * * *
Natasha claws you but does no damage.
You completely miss Natasha.
Natasha is almost dead.
The giant cockroach bites you.
* * * LOW HITPOINT WARNING * * *
The cerulean imp hits you from afar with a +0 spear.
* * * LOW HITPOINT WARNING * * *
The endoplasm freezes you.
You are frozen.
You die...

..# ... #.# ##
#.# #..... .
##..#5#####.#
#..5hJ....... #.
#h.#.#.#. #.
#B.......
#.###.$#.#.#.
#............
#####..##.#.#.#.
#...............
#.###.......(...
##.#####.### #[#
.#


You could see Natasha, 2 cerulean imps, an endoplasm and a giant cockroach.

Vanquished Creatures
  3 gnolls
  4 bats (D:1)
  An endoplasm (D:1)
  A goblin (D:1)
  A hobgoblin (D:1)
  3 jackals (D:1)
  4 kobolds
  2 ball pythons (D:1)
  2 frilled lizards (D:1)
  A rat (D:1)
22 creatures vanquished.

Notes
Turn   | Place    | Note
-------+----------+-------------------------------------------
     0 | D:1      | CrazyBamboolord the Human Shapeshifter began the quest for
                  | the Orb.
     0 | D:1      | Reached XP level 1. HP: 15/15 MP: 1/1
   109 | D:1      | Reached XP level 2. HP: 21/21 MP: 2/2
   555 | D:1      | Reached skill level 4 in Shapeshifting
   555 | D:1      | Reached XP level 3. HP: 23/26 MP: 3/3
   626 | D:2      | Reached XP level 4. HP: 24/32 MP: 4/4
   709 | D:2      | Noticed Natasha
   724 | D:2      | Frozen to death by an endoplasm

Illustrated notes

Levels and vault maps discovered:
D:1:      lemuel_arrival_funnel, layout_rooms
D:2:      layout_loops_ring, glass_columns_b, minmay_tall_x, uniq_natasha,
          uniq_sigmund

Skill      XL: |  1  2 |
---------------+-------+-----
Shapeshifting  | 4 |  4.4
Fighting       | |  1.0
Dodging        | |  2.0
Unarmed Combat | |  3.0

Action                     |  1- 3 |  4- 6 || total
---------------------------+-------+-------++-------
  Melee: Unarmed           |    59 |    15 ||    74
         Punch             |     2 |       ||     2
 Armour: Animal skin       |     6 |       ||     6
         Scale mail        |    32 |    20 ||    52
  Dodge: Dodged            |    36 |    17 ||    53

Table legend: (Time is in decaauts)
 A = Elapsed time spent in this place.
 B = Non-inter-level travel time spent in this place.
 C = Inter-level travel time spent in this place.
 D = Time resting spent in this place.
 E = Time spent auto-exploring this place.
 F = Levels seen in this place.
 G = Mean time per level.
                   A        B        C        D        E       F      G
               +--------+--------+--------+--------+--------+-----+--------+
         Total |    722 |    701 |     21 |     53 |    471 |   2 |  361.0 |
       Dungeon |    722 |    701 |     21 |     53 |    471 |   2 |  361.0 |
               +--------+--------+--------+--------+--------+-----+--------+

Top non-repeatable levels by time:
     D:1: 593 daAuts
     D:2: 128 daAuts
